 Dungeon Crawl Stone Soup version 0.19-a0-1886-gd64a0f0 (webtiles) character file.

82 Alarkh the Caller (level 4, -3/30 HPs)
             Began as a Mummy Summoner on Oct 16, 2016.
             Killed by divine providence
             ... invoked by an orc priest
              (10 damage)
             ... on level 3 of the Dungeon.
             The game lasted 00:03:44 (2488 turns).

Alarkh the Caller (Mummy Summoner)                  Turns: 2488, Time: 00:03:45

Health: -3/30      AC:  3    Str: 11    XL:     4   Next: 21%
Magic:  3/8        EV: 12    Int: 15    God:
Gold:   248        SH:  0    Dex: 12    Spells: 2 memorised, 4 levels left

rFire  x . .     SeeInvis .     e - +0 spear
rCold  + . .     Gourm    .     a - +0 robe
rNeg   + + +     Faith    .     (no shield)
rPois  ∞         Spirit   .     f - +0 helmet
rElec  .         Dismiss  .     (no cloak)
rCorr  .         Reflect  .     (no gloves)
MR     .....     Harm     .     (no boots)
Stlth  ++........               (no amulet)
                                (no ring)
                                (no ring)

@: no status effects
A: no food or potions, fire vulnerability, cold resistance 1, negative energy
resistance 3, torment resistance, unbreathing
a: no special abilities


You were on level 3 of the Dungeon.
You were not hungry.

You visited 1 branch of the dungeon, and saw 3 of its levels.

You collected 248 gold pieces.

Inventory:

Hand Weapons
 e - a +0 spear (weapon)
Armour
 a - a +0 robe (worn)
 f - a +0 helmet (worn)
Wands
 l - a wand of confusion (12/48)
Scrolls
 c - 3 scrolls of identify {unknown}
 d - a scroll of enchant weapon {unknown}
 g - a scroll of immolation {unknown}
 h - 2 scrolls of noise {unknown}
 i - a scroll of fog {unknown}
 j - a scroll of random uselessness {unknown}
 k - a scroll of magic mapping {unknown}
Books
 b - a book of Callings

   Spells                             Type                      Level
   a - Summon Small Mammal            Summoning                    1
   b - Call Imp                       Summoning                    2
   c - Call Canine Familiar           Summoning                    3
   d - Summon Guardian Golem          Hexes/Summoning              3
   e - Summon Lightning Spire         Summoning/Air                4
   f - Summon Ice Beast               Ice/Summoning                4


   Skills:
 - Level 1.5 Dodging
 - Level 1.5 Stealth
 + Level 2.9 Spellcasting
 + Level 4.2 Summonings


You had 4 spell levels left.
You knew the following spells:

 Your Spells              Type           Power        Failure   Level  Hunger
a - Call Canine Familiar  Summ           ###.....     12%         3    N/A
b - Summon Small Mammal   Summ           ###.         3%          1    N/A

Dungeon Overview and Level Annotations

Branches:
Dungeon (3/15)

Altars:


Innate Abilities, Weirdness & Mutations

You do not eat or drink.
Your flesh is vulnerable to fire.
You are immune to poison.
Your flesh is cold resistant. (rC+)
You are immune to negative energy. (rN+++)
You are immune to unholy pain and torment.
You can survive without breathing.


Message History

The orc barely misses your hound.
The orc priest invokes the aid of Beogh against you.
Beogh smites you!
* * * LOW HITPOINT WARNING * * *
The orc closely misses you.
Your hound barely misses the orc.
The orc hits your hound but does no damage.
Your hound bites the orc.
The orc dies!
The orc hits your hound with a flail.
Your hound bites the orc but does no damage.
The orc misses your hound.
Your hound closely misses the orc.
Your hound bites the orc but does no damage.
The orc closely misses your hound.
Your hound bites the orc.
Your hound barely misses the orc.
Your hound bites the orc but does no damage.
Your hound closely misses the orc.
Something hits your hound.
The orc priest invokes the aid of Beogh against you.
Beogh smites you!
You die...

##.#.###### .............
##.## #.# ######..#### #.# #.#
#..# #.# #.# #..# #.# #.# #..#
#.# #.# #..####
#.###########.##########......
#..........##.##..........####
######.....o.@>...#########
#.###.###.#..# #.# #.# #.#..#
#.# #.# #.##.# #.###o###.##.#
#.( #.##.h.##.##.# #.#
#.##..o.#.##.# #.# #..[.#.##.#
#.# ####)#.##.# #.####


You could see an orc priest.

Vanquished Creatures
  An adder (D:2)
  An ooze (D:2)
  A dart slug (D:1)
  2 orcs (D:3)
  2 ball pythons
  2 bats
  5 goblins
  4 hobgoblins
  A jackal (D:3)
  A frilled lizard (D:2)
  5 kobolds
  5 rats
30 creatures vanquished.

Vanquished Creatures (collateral kills)
  Robin (D:1)
  An adder (D:3)
  A worm (D:2)
  3 orcs (D:3)
  A ball python (D:2)
  A giant cockroach (D:1)
  14 goblins
  4 hobgoblins
  4 jackals (D:3)
  A quokka (D:2)
  2 bats
  A frilled lizard (D:2)
  A kobold (D:1)
35 creatures vanquished.

Vanquished Creatures (others)
  A bat (D:3)
1 creature vanquished.

Grand Total: 66 creatures vanquished

Notes
Turn   | Place    | Note
-------+----------+-------------------------------------------
     0 | D:1      | Alarkh the Mummy Summoner began the quest for the Orb.
     0 | D:1      | Reached XP level 1. HP: 13/13 MP: 3/3
   583 | D:1      | Reached XP level 2. HP: 6/19 MP: 0/5
  1131 | D:2      | Reached XP level 3. HP: 14/24 MP: 2/6
  1136 | D:2      | Learned a level 3 spell: Call Canine Familiar
  1272 | D:2      | Noticed Robin
  1734 | D:1      | Killed Robin
  1734 | D:1      | Reached skill level 4 in Summonings
  2268 | D:3      | Reached XP level 4. HP: 30/30 MP: 4/8
  2488 | D:3      | Killed from afar by an orc priest

Vault maps used:
D:1:      mrwooster_arrival_statue
D:2:      minmay_distorted, uniq_robin

Skill      XL: |  1  2  3 |
---------------+----------+-----
Summonings     | 4 |  4.2
Dodging        | |  1.5
Stealth        | |  1.5
Spellcasting   | |  2.9

Action                   |  1- 3 |  4- 6 || total
-------------------------+-------+-------++-------
Melee: Unarmed           |    29 |       ||    29
       Spear             |    99 |    32 ||   131
 Cast: Summon Small Mamm |    27 |       ||    27
       Call Canine Famil |    11 |     5 ||    16
 Stab: Sleeping          |     2 |       ||     2
Armor: Robe              |    25 |     7 ||    32
Dodge: Dodged            |    86 |    18 ||   104
